[Event "Belt and Road Women 2024"]
[Site "Yuecheng Shaoxing"]
[Date "2024.07.29"]
[Round "6.1"]
[White "Badelka, Olga"]
[Black "Tan, Zhongyi"]
[Result "1-0"]
[ECO "A46"]
[WhiteElo "2389"]
[BlackElo "2540"]
[Annotator "TA"]
[PlyCount "93"]
[EventDate "2024.08.01"]
[EventType "swiss"]
[EventCountry "CHN"]
[SourceTitle "playchess.com"]
[Source "ChessBase"]
[SourceQuality "1"]
[TimeControl "5400+30"]

1. Nf3 Nf6 2. g3 b5 3. Bg2 Bb7 4. d4 e6 5. a4 b4 6. c4 bxc3 7. Nxc3 Be7 8. O-O {[%emt 0:00:07] The position is equal.} O-O 9. a5 Na6 10. Bf4 c5 11. dxc5 Nxc5 (11... Rc8 $15) 12. b4 $11 Nce4 13. Nxe4 Bxe4 14. b5 Nd5 15. Qd4 {[%emt 0:08:52] Inhibits Nc3.} f5 16. Be5 $36 {[%emt 0:15:55][%mdl 2048] White has some pressure.} Bb4 {[%emt 0:22:03] [#] aiming for ...d6.} 17. Qb2 (17. Bxg7 $2 {too greedy.} Bc3 $19) 17... Rf7 18. Qa2 Rc8 19. Bd4 d6 20. a6 Rc2 ({Better is} 20... Rb8 $11) 21. Qb3 {[%emt 0:01:10][%cal Of3g5] Ng5! is the strong threat.} Rxe2 $2 {[%emt 0:01:13][%mdl 8192] [#] Black is on the road to losing.} (21... Rc8 $14) 22. b6 $1 $18 axb6 23. Rfc1 Bc5 24. Qd1 Bxf3 25. Bxf3 Re5 26. Bxe5 ({Less strong is} 26. a7 Qa8 27. Qd3 (27. Bxe5 dxe5 28. Bxd5 exd5 $18) 27... Rxa7 $18 (27... Bxd4 $2 28. Rc8+ Qxc8 29. a8=Q $18)) 26... dxe5 27. a7 {[%emt 0:00:19] Hoping for Bxd5.} Qa8 28. Bxd5 exd5 29. Qb3 {[%emt 0:00:41][%cal Oc1c5] And now Rxc5! would win.} Rxa7 30. Rxa7 Qxa7 31. Qxd5+ {[%emt 0:00:02][%mdl 4096] Endgame. KQR-KQB} Qf7 32. Qxe5 h5 (32... Qd7 $142 33. Qe2 Kf7) 33. Rd1 Kh7 34. Rd5 Kg6 $2 (34... g6 35. Rd8 Qg7) 35. Kg2 Qf6 36. Qe8+ Kh6 37. Qh8+ Kg6 38. Qe8+ (38. Qc8) 38... Kh6 39. Re5 g6 40. Re6 Qg7 41. h4 Kh7 42. Rc6 Kh6 43. Qd8 {[%emt 0:00:51] Intending Rc7 and mate.} Qe7 44. Qh8+ Qh7 45. Qb8 Qf7 46. Qf4+ Kg7 47. Rc7 {[%emt 0:00:05] Weighted Error Value: White=0.39/Black=0.66.  Loses game:     	---       	Black=1      Mistake:       	---       	Black=4      Inaccurate:     	White=4     	Black=2      OK:         	White=12    	Black=14     Best:        	White=3     	Black=4      Brilliant:      	White=1     	---} 1-0

[Event "Belt and Road Women 2024"]
[Site "Yuecheng Shaoxing"]
[Date "2024.07.29"]
[Round "6.2"]
[White "Shuvalova, Polina"]
[Black "Stefanova, Antoaneta"]
[Result "1/2-1/2"]
[ECO "C72"]
[WhiteElo "2467"]
[BlackElo "2417"]
[Annotator "TA"]
[PlyCount "70"]
[EventDate "2024.08.01"]
[EventType "swiss"]
[EventCountry "CHN"]
[SourceTitle "playchess.com"]
[Source "ChessBase"]
[SourceQuality "1"]
[TimeControl "5400+30"]

1. e4 e5 2. Nf3 Nc6 3. Bb5 a6 4. Ba4 d6 5. O-O Bd7 6. c4 Bg4 7. h3 Bxf3 8. Qxf3 Nf6 {[%emt 0:00:28][%cal Bg8f6,Bf6d7,Bd7f8,Bf8e6,Be6d4][%mdl 32] White is slightly better.} 9. d3 Nd7 10. Be3 g6 11. Nc3 Bg7 12. Bxc6 bxc6 13. b4 Nf8 14. a4 Ne6 15. b5 Nd4 16. Bxd4 exd4 17. Ne2 cxb5 18. axb5 axb5 19. cxb5 O-O 20. Rxa8 Qxa8 21. Nf4 Qa3 {[%emt 0:01:24] Against Rc1} 22. Nd5 Qc5 {[%emt 0:00:23] Black is weak on the light squares} 23. Ne7+ Kh8 24. Rb1 Be5 25. g3 Kg7 26. Qd1 Bxg3 27. Nd5 ({Of course not} 27. fxg3 Qg5 28. Kg2 Qxe7 $11) 27... Bh4 28. Rc1 (28. Qc1 $14) 28... Qxb5 $11 29. Rxc7 Qb2 30. Qf3 {[%emt 0:08:24] Active counter play!} Qd2 31. Rd7 Qg5+ 32. Kf1 Qc1+ 33. Kg2 Qg5+ 34. Kf1 Qc1+ 35. Kg2 Qg5+ {[%emt 0:00:03] Weighted Error Value: White=0.12 (very precise) /Black=0.10 (very precise) .  Mistake:       	White=1     	---        Inaccurate:     	White=2     	Black=5      OK:         	White=11    	Black=11     Best:        	White=5     	Black=2} 1/2-1/2

[Event "Belt and Road Women 2024"]
[Site "Yuecheng Shaoxing"]
[Date "2024.07.29"]
[Round "6.3"]
[White "Mammadzada, Gunay"]
[Black "Xiao, Yiyi"]
[Result "1-0"]
[ECO "C10"]
[WhiteElo "2444"]
[BlackElo "2338"]
[Annotator "RC"]
[PlyCount "75"]
[EventDate "2024.08.01"]
[EventType "swiss"]
[EventCountry "CHN"]
[SourceTitle "playchess.com"]
[Source "ChessBase"]
[SourceQuality "1"]
[TimeControl "5400+30"]

1. e4 e6 2. d4 d5 3. Nd2 dxe4 4. Nxe4 Nd7 5. Nf3 Ngf6 6. Bd3 Nxe4 7. Bxe4 Nf6 8. Bg5 h6 9. Bxf6 Qxf6 10. Qe2 g6 11. Bxb7 Rb8 12. Bxc8 Rxc8 13. Qa6 Qd8 14. Qxa7 Bd6 15. Qa4+ c6 16. O-O O-O 17. b4 Rb8 18. a3 Rb5 19. c4 Rh5 20. g3 Qd7 21. Rad1 Qb7 22. Rd3 Rf5 23. Qc2 Bb8 24. Qe2 Kg7 25. Qe4 Qa6 26. Ne5 Rc8 27. Rc1 h5 28. Kg2 c5 29. b5 Qd6 30. Nc6 Kh7 31. dxc5 Qxc5 32. Rf3 Bc7 33. Rxf5 exf5 34. Qe7 Bd6 35. Qxf7+ Kh6 36. Rd1 f4 37. Rxd6 f3+ 38. Qxf3 1-0

[Event "Belt and Road Women 2024"]
[Site "Yuecheng Shaoxing"]
[Date "2024.07.29"]
[Round "6.4"]
[White "Zhang, Lanlin"]
[Black "Wagner, Dinara"]
[Result "1/2-1/2"]
[ECO "B90"]
[WhiteElo "2161"]
[BlackElo "2454"]
[Annotator "RC"]
[PlyCount "96"]
[EventDate "2024.08.01"]
[EventType "swiss"]
[EventCountry "CHN"]
[SourceTitle "playchess.com"]
[Source "ChessBase"]
[SourceQuality "1"]
[TimeControl "5400+30"]

1. e4 c5 2. Nf3 d6 3. d4 cxd4 4. Nxd4 Nf6 5. Nc3 a6 6. Be3 e5 7. Nb3 Be6 8. f3 Nbd7 9. Qd2 Be7 10. O-O-O b5 11. g4 b4 12. Ne2 h6 13. Qxb4 d5 14. Bc5 dxe4 15. fxe4 Bxc5 16. Nxc5 Qe7 17. Nd3 Nxg4 18. Qd2 Qh4 19. Ng1 Qd8 20. Nf3 Qb6 21. Re1 Rb8 22. b3 Ngf6 23. Ndxe5 Nxe5 24. Nxe5 Rd8 25. Qc3 O-O 26. Nc4 Qf2 27. Bd3 Bxc4 28. Qxc4 Rc8 29. Qb4 Rfd8 30. Kb1 Ng4 31. e5 Ne3 32. Qe4 Nd5 33. Qh7+ Kf8 34. Qh8+ Ke7 35. Qxg7 Qd4 36. Rhf1 Nc3+ 37. Kc1 Nxa2+ 38. Kd1 Nc3+ 39. Kc1 Na2+ 40. Kd1 Nc3+ 41. Kc1 Na2+ 42. Kd1 Nc3+ 43. Kc1 Na2+ 44. Kd1 Nc3+ 45. Kc1 Ne2+ 46. Kd1 Nc3+ 47. Kc1 Na2+ 48. Kd1 Nc3+ 1/2-1/2

[Event "Belt and Road Women 2024"]
[Site "Yuecheng Shaoxing"]
[Date "2024.07.29"]
[Round "6.5"]
[White "Lu, Miaoyi"]
[Black "Zhai, Mo"]
[Result "1/2-1/2"]
[ECO "C65"]
[WhiteElo "2449"]
[BlackElo "2348"]
[Annotator "RC"]
[PlyCount "71"]
[EventDate "2024.08.01"]
[EventType "swiss"]
[EventCountry "CHN"]
[SourceTitle "playchess.com"]
[Source "ChessBase"]
[SourceQuality "1"]
[TimeControl "5400+30"]

1. e4 e5 2. Nf3 Nc6 3. Bb5 Nf6 4. d3 Bc5 5. c3 O-O 6. O-O d6 7. h3 Bb6 8. Re1 Ne7 9. d4 d5 10. Nxe5 Nxe4 11. Nd2 Nd6 12. Bf1 c6 13. a4 Bc7 14. b3 Re8 15. Ba3 f6 16. Nd3 Ng6 17. Qf3 a5 18. g3 Be6 19. Nc5 Bc8 20. h4 b6 21. Nd3 Nf8 22. Rxe8 Qxe8 23. Nf4 Qf7 24. c4 Ne6 25. Ne2 Bb7 26. Rc1 Re8 27. Bg2 Bb8 28. cxd5 cxd5 29. Qd3 Qg6 30. Qxg6 hxg6 31. Nf3 Ne4 32. Nc3 Rc8 33. Nb5 Rxc1+ 34. Bxc1 Bc6 35. Bf1 Nd6 36. Nxd6 1/2-1/2

[Event "Belt and Road Women 2024"]
[Site "Yuecheng Shaoxing"]
[Date "2024.07.29"]
[Round "6.6"]
[White "Ni, Shiqun"]
[Black "Velpula Sarayu"]
[Result "1/2-1/2"]
[ECO "B51"]
[WhiteElo "2352"]
[BlackElo "2384"]
[Annotator "RC"]
[PlyCount "58"]
[EventDate "2024.08.01"]
[EventType "swiss"]
[EventCountry "CHN"]
[SourceTitle "playchess.com"]
[Source "ChessBase"]
[SourceQuality "1"]
[TimeControl "5400+30"]

1. e4 c5 2. Nf3 d6 3. Bb5+ Nd7 4. d4 cxd4 5. Nxd4 Ngf6 6. O-O g6 7. Re1 Bg7 8. Bf1 O-O 9. c4 Ne5 10. Nc3 Nc6 11. Nde2 Bd7 12. h3 Rc8 13. Be3 a6 14. a4 Nb4 15. Nf4 a5 16. Qb3 Bc6 17. Nfd5 Bxd5 18. Nxd5 Nbxd5 19. exd5 Nd7 20. Rab1 Re8 21. Qxb7 Rb8 22. Qa7 Ra8 23. Qb7 Rb8 24. Qa7 Bxb2 25. c5 Ra8 26. Qb7 Rb8 27. Qa7 Ra8 28. Qb7 Rb8 29. Qa7 Ra8 1/2-1/2

[Event "Belt and Road Women 2024"]
[Site "Yuecheng Shaoxing"]
[Date "2024.07.29"]
[Round "6.7"]
[White "Guo, Qi"]
[Black "Yan, Tianqi"]
[Result "1-0"]
[ECO "D24"]
[WhiteElo "2362"]
[BlackElo "2306"]
[Annotator "RC"]
[PlyCount "51"]
[EventDate "2024.08.01"]
[EventType "swiss"]
[EventCountry "CHN"]
[SourceTitle "playchess.com"]
[Source "ChessBase"]
[SourceQuality "1"]
[TimeControl "5400+30"]

1. d4 Nf6 2. c4 e6 3. Nf3 d5 4. Nc3 dxc4 5. e4 Bb4 6. Qc2 c5 7. dxc5 Qa5 8. Bxc4 Qxc5 9. Qe2 O-O 10. O-O Bxc3 11. bxc3 Nc6 12. e5 Nd5 13. Re1 h6 14. Qe4 Nxc3 15. Qg4 Kh8 16. Qh4 Kg8 17. Be3 Qe7 18. Bg5 Qc7 19. Bf6 Nd5 20. Bxd5 exd5 21. Qg3 g6 22. Rac1 Re8 23. Qh4 h5 24. Qf4 Kh7 25. Ng5+ Kg8 26. e6 1-0

[Event "Belt and Road Women 2024"]
[Site "Yuecheng Shaoxing"]
[Date "2024.07.29"]
[Round "6.8"]
[White "Beydullayeva, Govhar"]
[Black "Pham, Le Thao Nguyen"]
[Result "1-0"]
[ECO "D15"]
[WhiteElo "2417"]
[BlackElo "2395"]
[Annotator "RC"]
[PlyCount "113"]
[EventDate "2024.08.01"]
[EventType "swiss"]
[EventCountry "CHN"]
[SourceTitle "playchess.com"]
[Source "ChessBase"]
[SourceQuality "1"]
[TimeControl "5400+30"]

1. d4 d5 2. c4 c6 3. Nf3 Nf6 4. Nc3 a6 5. c5 g6 6. Bf4 Bg7 7. h3 O-O 8. e3 Nbd7 9. Bd3 Re8 10. O-O Nh5 11. Bh2 e5 12. Be2 exd4 13. exd4 Bh6 14. Re1 Bf4 15. Bf1 Bxh2+ 16. Kxh2 Nf8 17. Rxe8 Qxe8 18. Qd2 Be6 19. b4 Qd8 20. Re1 Qf6 21. Qg5 Qxg5 22. Nxg5 h6 23. Nf3 g5 24. Nd2 Ng7 25. Nb3 Nf5 26. Bd3 Ne7 27. Na4 Rb8 28. g3 Kg7 29. Kg2 h5 30. Nc3 h4 31. a4 Nfg6 32. Ne2 hxg3 33. fxg3 Rh8 34. Ng1 Bd7 35. Na5 Bc8 36. b5 axb5 37. axb5 cxb5 38. Bxg6 Nxg6 39. Rb1 Bf5 40. Rb2 Nf8 41. Nxb7 Be4+ 42. Kf2 Ne6 43. Ne2 Rxh3 44. c6 Bd3 45. Nc5 Nxc5 46. dxc5 Kf6 47. Nd4 g4 48. Rb3 Bc4 49. Ra3 Rh8 50. Ra7 b4 51. Rb7 b3 52. Ke3 Rc8 53. Kd2 Kg6 54. c7 Kf6 55. Nc6 Ke6 56. Na7 Kd7 57. c6+ 1-0

[Event "Belt and Road Women 2024"]
[Site "Yuecheng Shaoxing"]
[Date "2024.07.29"]
[Round "6.9"]
[White "Kurmangaliyeva, Liya"]
[Black "Wang, Qinxuanyi"]
[Result "1/2-1/2"]
[ECO "B30"]
[WhiteElo "2282"]
[BlackElo "2149"]
[Annotator "RC"]
[PlyCount "55"]
[EventDate "2024.08.01"]
[EventType "swiss"]
[EventCountry "CHN"]
[SourceTitle "playchess.com"]
[Source "ChessBase"]
[SourceQuality "1"]
[TimeControl "5400+30"]

1. e4 c5 2. Nf3 Nc6 3. Bb5 e6 4. Bxc6 bxc6 5. b3 f6 6. d3 e5 7. Nh4 Ne7 8. f4 exf4 9. Bxf4 d5 10. O-O dxe4 11. Nd2 Qd4+ 12. Kh1 exd3 13. Nc4 Be6 14. Qe1 Bxc4 15. bxc4 Kf7 16. cxd3 Re8 17. Rb1 Qd7 18. Qa5 Ng6 19. Qa6 Be7 20. Nxg6 hxg6 21. Rfe1 g5 22. Rb7 Qxd3 23. Qxc6 gxf4 24. Qe6+ Kg6 25. Qg4+ Kf7 26. Qe6+ Kg6 27. Qg4+ Kf7 28. Qe6+ 1/2-1/2

[Event "Belt and Road Women 2024"]
[Site "Yuecheng Shaoxing"]
[Date "2024.07.29"]
[Round "6.10"]
[White "Garifullina, Leya"]
[Black "Gu, Xiaobing"]
[Result "1-0"]
[ECO "A59"]
[WhiteElo "2458"]
[BlackElo "2135"]
[Annotator "RC"]
[PlyCount "81"]
[EventDate "2024.08.01"]
[EventType "swiss"]
[EventCountry "CHN"]
[SourceTitle "playchess.com"]
[Source "ChessBase"]
[SourceQuality "1"]
[TimeControl "5400+30"]

1. d4 Nf6 2. c4 c5 3. d5 b5 4. cxb5 a6 5. bxa6 Bxa6 6. Nc3 d6 7. Nf3 g6 8. e4 Bxf1 9. Kxf1 Bg7 10. g3 O-O 11. Kg2 Nbd7 12. Bd2 Ra6 13. Qc2 Qa8 14. a4 Rb8 15. Ra3 e6 16. dxe6 fxe6 17. Re1 d5 18. exd5 exd5 19. Nb5 Rab6 20. Ng5 Qa6 21. Rae3 Nf8 22. Re7 R6b7 23. b3 Rxe7 24. Rxe7 Qc6 25. Rc7 Qe8 26. Qxc5 h6 27. Qa7 N8d7 28. Nf3 Ra8 29. Qe3 Qf8 30. Qe6+ Kh8 31. Rxd7 Re8 32. Qf7 Nxd7 33. Qxd7 g5 34. h4 Re7 35. Qxd5 g4 36. Nfd4 Re5 37. Qc6 h5 38. Bf4 Re1 39. Ne6 Qg8 40. Nxg7 Qxg7 41. Bd2 1-0

[Event "Belt and Road Women 2024"]
[Site "Yuecheng Shaoxing"]
[Date "2024.07.29"]
[Round "6.11"]
[White "Wang, Yu A."]
[Black "Chen, Yining"]
[Result "1/2-1/2"]
[ECO "B13"]
[WhiteElo "2234"]
[BlackElo "2300"]
[Annotator "RC"]
[PlyCount "61"]
[EventDate "2024.08.01"]
[EventType "swiss"]
[EventCountry "CHN"]
[SourceTitle "playchess.com"]
[Source "ChessBase"]
[SourceQuality "1"]
[TimeControl "5400+30"]

1. e4 c6 2. d4 d5 3. exd5 cxd5 4. Bd3 Nf6 5. Nf3 Nc6 6. c3 Bg4 7. h3 Bh5 8. Bf4 e6 9. Nbd2 Bd6 10. Bxd6 Qxd6 11. O-O O-O 12. Re1 Rfe8 13. Qb3 Rab8 14. Ne5 Nd7 15. Nxd7 Qxd7 16. Qc2 Bg6 17. Bxg6 hxg6 18. Nf3 b5 19. a3 a5 20. Ne5 Nxe5 21. Rxe5 b4 22. axb4 axb4 23. c4 dxc4 24. Qxc4 Red8 25. Rd1 Qb7 26. Rc5 Rd6 27. Rc7 Qb6 28. Qc5 Qxc5 29. Rxc5 Kf8 30. Rc7 Ke8 31. Kf1 1/2-1/2

[Event "Belt and Road Women 2024"]
[Site "Yuecheng Shaoxing"]
[Date "2024.07.29"]
[Round "6.12"]
[White "Zhang, Xiao"]
[Black "Soumya, Swaminathan"]
[Result "1-0"]
[ECO "E74"]
[WhiteElo "2193"]
[BlackElo "2258"]
[Annotator "RC"]
[PlyCount "85"]
[EventDate "2024.08.01"]
[EventType "swiss"]
[EventCountry "CHN"]
[SourceTitle "playchess.com"]
[Source "ChessBase"]
[SourceQuality "1"]
[TimeControl "5400+30"]

1. d4 g6 2. c4 Nf6 3. Nc3 Bg7 4. e4 d6 5. Be2 O-O 6. Bg5 c5 7. d5 h6 8. Bf4 e6 9. dxe6 Bxe6 10. Bxd6 Re8 11. e5 Nfd7 12. f4 Nc6 13. Nf3 g5 14. g3 gxf4 15. gxf4 Nd4 16. O-O Nf5 17. Qd2 Qb6 18. Ne4 Rad8 19. Bd3 Kh8 20. Qf2 Rg8 21. Kh1 Qc6 22. Rae1 b6 23. h4 Qb7 24. Kh2 Nb8 25. b3 Nc6 26. Bb1 Qc8 27. Rg1 Qd7 28. Rg2 Nxd6 29. Nxd6 f6 30. Qc2 Bf8 31. Reg1 fxe5 32. Rxg8+ Bxg8 33. Qg6 Qg7 34. Qf5 Rxd6 35. Rxg7 Bxg7 36. fxe5 Re6 37. Be4 Nd4 38. Nxd4 Rxe5 39. Qc8 Rxe4 40. Nf5 Be5+ 41. Kh3 Bf6 42. Qf8 Re6 43. Nxh6 1-0

[Event "Belt and Road Women 2024"]
[Site "Yuecheng Shaoxing"]
[Date "2024.07.29"]
[Round "6.13"]
[White "Li, Xueyi"]
[Black "Yang, Yijing"]
[Result "0-1"]
[ECO "E64"]
[WhiteElo "2209"]
[BlackElo "2022"]
[Annotator "RC"]
[PlyCount "102"]
[EventDate "2024.08.01"]
[EventType "swiss"]
[EventCountry "CHN"]
[SourceTitle "playchess.com"]
[Source "ChessBase"]
[SourceQuality "1"]
[TimeControl "5400+30"]

1. d4 Nf6 2. c4 g6 3. g3 Bg7 4. Bg2 O-O 5. Nc3 c5 6. d5 e6 7. Nf3 exd5 8. Nxd5 Nxd5 9. Qxd5 d6 10. O-O Nc6 11. Bf4 Be6 12. Qd3 d5 13. Bg5 dxc4 14. Qe3 Qb6 15. Bh6 Nd4 16. Bxg7 Nxf3+ 17. Bxf3 Kxg7 18. Qc3+ f6 19. h4 h5 20. Qe3 Rfe8 21. Rad1 Bf7 22. Qc3 Rad8 23. e3 Qb5 24. Qc2 b6 25. a4 Qb3 26. Rc1 Re7 27. Be2 c3 28. Qxc3 Qxa4 29. Rcd1 Red7 30. Rxd7 Rxd7 31. Qc1 Qe4 32. f3 Qe5 33. Kf2 Bb3 34. Rg1 Qd6 35. Qc3 c4 36. g4 Qh2+ 37. Rg2 Qxh4+ 38. Kg1 Bd1 39. Rh2 Qg3+ 40. Rg2 Qe5 41. Qxe5 fxe5 42. gxh5 Bxe2 43. Rxe2 gxh5 44. Kg2 b5 45. Kg3 b4 46. Rc2 Rc7 47. f4 Kf6 48. Kf3 exf4 49. Kxf4 a5 50. Ke4 c3 51. bxc3 Rxc3 0-1

[Event "Belt and Road Women 2024"]
[Site "Yuecheng Shaoxing"]
[Date "2024.07.29"]
[Round "6.14"]
[White "Bai, Xue"]
[Black "Velikic, Adela"]
[Result "1-0"]
[ECO "B32"]
[WhiteElo "2114"]
[BlackElo "2290"]
[Annotator "RC"]
[PlyCount "101"]
[EventDate "2024.08.01"]
[EventType "swiss"]
[EventCountry "CHN"]
[SourceTitle "playchess.com"]
[Source "ChessBase"]
[SourceQuality "1"]
[TimeControl "5400+30"]

1. e4 c5 2. Nf3 Nc6 3. d4 cxd4 4. Nxd4 e5 5. Nb5 d6 6. N1c3 a6 7. Na3 Be7 8. Nd5 Nf6 9. Nxf6+ Bxf6 10. Nc4 O-O 11. Be3 Be6 12. Nb6 Rb8 13. Nd5 Bg5 14. Qd2 Bxe3 15. Nxe3 Rc8 16. Bd3 Ne7 17. O-O Qb6 18. b3 Rfd8 19. Rfd1 Qc7 20. c4 g6 21. Rac1 Rf8 22. Bb1 Rcd8 23. Rc3 f5 24. Nd5 Bxd5 25. cxd5 Qb6 26. exf5 Nxf5 27. Bxf5 Rxf5 28. Qe3 Qa5 29. a4 Rdf8 30. f3 Rf4 31. Rcc1 Qb4 32. h3 Qa5 33. Rc2 Rb4 34. Kh2 Qd8 35. Rdc1 Qh4 36. Rc4 Rxc4 37. Rxc4 Qe7 38. Qb6 Rf7 39. b4 Kg7 40. b5 axb5 41. axb5 h5 42. Qe3 Qd7 43. Qb3 Qd8 44. b6 Kh6 45. Qe3+ Kg7 46. h4 Qf6 47. Qg5 Qf5 48. Rc7 Qd3 49. f4 Qf5 50. fxe5 Qb1 51. Qf6+ 1-0

[Event "Belt and Road Women 2024"]
[Site "Yuecheng Shaoxing"]
[Date "2024.07.29"]
[Round "6.15"]
[White "Hu, Jiani"]
[Black "Ha, Yihan"]
[Result "0-1"]
[ECO "B18"]
[WhiteElo "2148"]
[BlackElo "2166"]
[Annotator "RC"]
[PlyCount "94"]
[EventDate "2024.08.01"]
[EventType "swiss"]
[EventCountry "CHN"]
[SourceTitle "playchess.com"]
[Source "ChessBase"]
[SourceQuality "1"]
[TimeControl "5400+30"]

1. e4 c6 2. d4 d5 3. Nc3 dxe4 4. Nxe4 Bf5 5. Ng3 Bg6 6. Nf3 Nd7 7. Bd3 Bxd3 8. Qxd3 e6 9. O-O Ngf6 10. Re1 Be7 11. b3 O-O 12. Bb2 Re8 13. c4 c5 14. Rad1 cxd4 15. Nxd4 Qb6 16. Nb5 a6 17. Nc3 Rad8 18. Qf3 Nc5 19. h4 h6 20. Nce2 a5 21. Nf4 Rxd1 22. Rxd1 Rd8 23. Nfh5 Rxd1+ 24. Qxd1 Qd8 25. Qxd8+ Bxd8 26. Nxf6+ Bxf6 27. Bxf6 gxf6 28. Ne2 f5 29. Nc1 Kf8 30. f3 f4 31. Kf2 e5 32. a3 Ke7 33. b4 axb4 34. axb4 Ne6 35. Nb3 Kd6 36. Nd2 f5 37. Nb3 h5 38. c5+ Kd5 39. Na5 Nd8 40. Ke2 Kd4 41. Kd2 e4 42. Ke2 e3 43. Ke1 Nc6 44. Nxb7 Kd3 45. b5 Nd4 46. Nd6 Nc2+ 47. Kd1 e2+ 0-1

[Event "Belt and Road Women 2024"]
[Site "Yuecheng Shaoxing"]
[Date "2024.07.29"]
[Round "6.16"]
[White "Kairbekova, Amina"]
[Black "Wang, Chuqiao"]
[Result "1-0"]
[ECO "C77"]
[WhiteElo "2244"]
[BlackElo "2278"]
[Annotator "RC"]
[PlyCount "41"]
[EventDate "2024.08.01"]
[EventType "swiss"]
[EventCountry "CHN"]
[SourceTitle "playchess.com"]
[Source "ChessBase"]
[SourceQuality "1"]
[TimeControl "5400+30"]

1. e4 e5 2. Nf3 Nc6 3. Bb5 a6 4. Ba4 Nf6 5. d3 b5 6. Bb3 Be7 7. Nc3 d6 8. a3 O-O 9. Nd5 Nxd5 10. Bxd5 Bd7 11. h4 Rb8 12. Ng5 g6 13. Be3 Nd4 14. c3 Nc6 15. Qf3 Bf6 16. g4 Qe7 17. Nxh7 Kxh7 18. g5 Bxg5 19. Bxg5 f6 20. h5 Kg7 21. Bh6+ 1-0

[Event "Belt and Road Women 2024"]
[Site "Yuecheng Shaoxing"]
[Date "2024.07.31"]
[Round "7.1"]
[White "Badelka, Olga"]
[Black "Shuvalova, Polina"]
[Result "1/2-1/2"]
[ECO "E06"]
[WhiteElo "2389"]
[BlackElo "2467"]
[Annotator "TA"]
[PlyCount "98"]
[EventDate "2024.08.01"]
[EventType "swiss"]
[EventCountry "CHN"]
[SourceTitle "playchess.com"]
[Source "ChessBase"]
[SourceQuality "1"]
[TimeControl "5400+30"]

1. Nf3 d5 2. g3 Nf6 3. Bg2 e6 4. d4 Be7 5. c4 O-O 6. Nc3 dxc4 7. Ne5 c5 8. dxc5 Qxd1+ 9. Nxd1 Bxc5 10. Nxc4 Nd5 11. Bd2 Nc6 12. Rc1 Be7 13. O-O Bd7 14. Nc3 Nxc3 15. Bxc3 Rfd8 16. Rfd1 Be8 17. Na5 Rxd1+ 18. Rxd1 Nxa5 19. Bxa5 Rc8 {[%emt 0:01:12] Inhibits Bc3.} 20. Bxb7 Rb8 21. Bf3 Rxb2 22. Rc1 (22. Rd2 $11 Rxd2 23. Bxd2) 22... Rxa2 $15 23. Be1 f6 24. Kg2 Bd6 25. Rc8 Kf7 26. Bh5+ g6 27. Bf3 Bb5 28. Rh8 (28. Ra8 $17) 28... Kg7 (28... h5 $19 29. Rd8 Bc5) 29. Rd8 $17 Be7 30. Rb8 Bxe2 31. Bc6 (31. Bxe2 $17 Rxe2 32. Bb4 Bxb4 33. Rxb4) 31... Bc5 $19 32. Rb7+ Kh6 33. Rd7 Bc4 (33... g5 $19 {...Ra1 would now be deadly.} 34. h3 Ra1) 34. Bf3 (34. Bd2+ $17 {might work better.} g5 35. h4) 34... Bb5 35. Rf7 f5 36. h4 e5 {[%emt 0:01:55] [#] White must now prevent ...e4.} 37. g4 fxg4 38. Bxg4 Bd3 (38... Be8 $19 39. Rc7 Be3) 39. Kg3 $17 a5 (39... a6 $17 40. Be6 Rc2) 40. Rd7 {[%emt 0:00:00] [#]} (40. Be6 $11 Rc2 41. Bxa5) 40... Bd4 $1 41. Be6 Re2 (41... Rc2 $17 {...Bf5 is the strong threat.} 42. Bg8 g5 43. Bxa5 (43. hxg5+ $2 Kxg5 44. f4+ exf4+ 45. Kf3 Bf5 $19) 43... gxh4+ (43... Bxf2+ 44. Kg4 $16) (43... Rxf2 44. hxg5+ Kxg5 45. Bd8+ Kf5 46. Rf7+ Kg6 47. Rxf2 $16) 44. Kxh4 Rxf2 (44... Bxf2+ $2 45. Kg4 $17)) 42. Bxa5 $11 {[%emt 0:00:00] The position is equal.} Bxf2+ 43. Kf3 $1 Bd4 44. Bd8 {[%emt 0:00:00] Threatening mate with Bg5+.} Re3+ 45. Kf2 {[%emt 0:00:00] Bg5+ would kill now.} Re2+ 46. Kg3 Re3+ 47. Kf2 Re2+ 48. Kg3 {[%emt 0:00:00] White wants to mate with Bg5+.} Re3+ 49. Kf2 {[%emt 0:00:00] White threatens Bg5+ and mate.} Re2+ {[%emt 0:00:49] And White is the lucky defender.   Weighted Error Value: White=0.18 (very precise) /Black=0.19 (very precise) .  Mistake:       	White=5     	Black=5      Inaccurate:     	White=3     	---        OK:         	White=12    	Black=19     Best:        	White=5     	Black=5      Strong:       	White=1     	Black=1} 1/2-1/2

[Event "Belt and Road Women 2024"]
[Site "Yuecheng Shaoxing"]
[Date "2024.07.31"]
[Round "7.2"]
[White "Tan, Zhongyi"]
[Black "Guo, Qi"]
[Result "1-0"]
[ECO "C13"]
[WhiteElo "2540"]
[BlackElo "2362"]
[Annotator "TA"]
[PlyCount "115"]
[EventDate "2024.08.01"]
[EventType "swiss"]
[EventCountry "CHN"]
[SourceTitle "playchess.com"]
[Source "ChessBase"]
[SourceQuality "1"]
[TimeControl "5400+30"]

1. e4 e6 2. d4 d5 3. Nc3 Nf6 4. Bg5 dxe4 5. Nxe4 Be7 6. Bxf6 gxf6 7. Nc3 {[%emt 0:00:41] C13: French: Classical System: 4 Bg5 Be7, Alekhine-Chatard Attack.} c6 8. g3 Nd7 9. Bg2 Nb6 10. Nge2 Nd5 11. O-O $146 ({Predecessor:} 11. Na4 Qa5+ 12. c3 e5 13. b4 Qc7 14. O-O Bf5 15. Qb3 O-O 16. a3 Nb6 17. Nc5 {½-½ Varga,Z (2377)-Song,E (2362) Budapest Vezerkepzo GM-A 11 2022 (4)}) 11... Nxc3 12. bxc3 O-O 13. Nf4 Kh8 14. Qh5 Bd6 15. Nd3 f5 16. Ne5 Kg7 17. Rfe1 f6 18. Nd3 Qe7 19. Re3 Qf7 (19... e5 20. dxe5 fxe5 21. Nxe5 $16) 20. Qh4 Qg6 21. Nf4 Qg5 22. Nxe6+ Bxe6 23. Rxe6 Qxh4 24. gxh4 Rad8 25. Rb1 Rf7 26. Bh3 f4 27. Kg2 f3+ 28. Kxf3 Bxh2 29. Bf5 c5 30. Rh1 Bc7 31. Rg1+ (31. dxc5 $6 Rd5 32. Bd3 Rxc5 $14) 31... Kh6 32. Ke4 (32. dxc5 $6 Rd5 33. Bd3 Rxc5 $14) 32... Ba5 33. Rg3 ({Much weaker is} 33. dxc5 $6 Bxc3 34. f4 Rd2 $14) 33... cxd4 34. cxd4 Be1 35. Rf3 Kg7 36. Kd3 Bb4 37. Rg3+ Kf8 38. c3 Ba3 (38... Be7 {was necessary.} 39. Re1 Bd6) 39. h5 $18 Bc1 40. Rg4 Rd5 41. Ke4 Ra5 42. Rg1 Bd2 43. Rd6 (43. f4 $18 {and White stays clearly on top. And now Rd6 would win.} Rc7 44. Rxf6+ Ke7 45. Re6+ (45. Rh6 Rxc3 46. Rxh7+ Kf8 $18) 45... Kf8 46. c4) 43... Re7+ $16 44. Be6 Rg5 {[%emt 0:00:18] [#]} 45. Rxg5 $1 fxg5 46. c4 Bf4 $2 (46... g4 47. Kd3 (47. c5 Be1 $16) 47... Bb4) 47. Rd8+ $18 Re8 48. Rxe8+ Kxe8 49. h6 Bc1 50. f3 b6 $2 (50... Ke7 51. Bg8 g4 52. fxg4 b6) 51. Bf5 $18 g4 52. fxg4 ({Weaker is} 52. Bxg4 Bxh6 53. Bf5 Bf8 54. Bxh7 Kd7 $18) 52... Bxh6 53. Bxh7 Ke7 54. Kd5 Be3 55. Bf5 a5 (55... Kd8 $142 56. Bc2 Kd7 57. Ba4+ Kd8) 56. a4 $18 Kd8 57. c5 bxc5 $2 (57... Kc7 58. c6 Bg5) 58. dxc5 1-0